 Dungeon Crawl Stone Soup version 0.27.0-1-g7a089689b8 (webtiles) character file.

Game seed: 2755403427162066716

5163 MajorAdolf the Chopper (level 10, -6/94 HPs)
             Began as a Naga Wanderer on Aug 13, 2021.
             Was an Initiate of Gozag.
             Mangled by a troll (10 damage)
             ... on level 9 of the Dungeon.
             The game lasted 00:15:40 (9277 turns).

MajorAdolf the Chopper (Naga Wanderer)              Turns: 9277, Time: 00:15:42

Health: -6/94      AC: 21    Str: 18    XL:     10   Next: 59%
Magic:  19/19      EV: 11    Int: 14    God:    Gozag
Gold:   510        SH:  0    Dex:  9    Spells: 9/9 levels left

rFire    + . .     SeeInvis +   d - +7 sceptre of Torment {pain, torment}
rCold    + . .     Faith    .   (no shield)
rNeg     . . .     Spirit   .   s - +2 scale mail {rC+}
rPois    +         Reflect  .   p - +2 helmet
rElec    .         Harm     .   (no cloak)
rCorr    +         Rampage  .   (no gloves)
Will     +....                  h - +3 barding {Stlth+}
Stlth    ..........             (no amulet)
HPRegen  0.25/turn              i - +4 ring of evasion
MPRegen  0.16/turn              v - ring of Qumef {rF+ rCorr MP+9}

@: confused, ambrosia-drunk, marked, studying Fire Magic, very slow
A: AC +3, large, see invisible, deformed body, poison resistance, slowness 2,
spit poison 1, naga tail 1
a: Spit Poison, Renounce Religion, Potion Petition, Call Merchant, Bribe Branch


You were on level 9 of the Dungeon.
You worshipped Gozag.
Gozag was pleased with you.
You visited 2 branches of the dungeon, and saw 11 of its levels.

You collected 1371 gold pieces.
You spent 343 gold pieces at shops.
You paid 518 gold pieces to Gozag.

Inventory:

Hand Weapons
 a - a +0 hand axe
 c - a +0 mace
 d - the +7 sceptre of Torment (weapon) {pain, torment}
   (You took it off a goblin on level 4 of the Dungeon)

   In the hands of one skilled in necromantic magic, it inflicts extra damage on
   living creatures.
   It occasionally torments all nearby living foes when it strikes in combat.
 t - a +3 dagger of venom
Armour
 h - a +3 barding of stealth (worn)
 p - a +2 helmet (worn)
 s - a +2 scale mail of cold resistance (worn)
Jewellery
 b - a +6 ring of dexterity
 i - a +4 ring of evasion (left hand)
 v - the ring of Qumef (right hand) {rF+ rCorr MP+9}
   (You acquired it on level 8 of the Dungeon)

   [ring of resist corrosion]

   rF:        It protects you from fire.
   MP:        It affects your magic capacity (+9).
   rCorr:     It protects you from acid and corrosion.
 w - a ring of ice
Wands
 f - a wand of flame (31)
 y - a wand of digging (2)
Scrolls
 j - a scroll of teleportation
 k - 2 scrolls of blinking
 m - a scroll of fog
 o - a scroll of amnesia
 q - a scroll of vulnerability {unknown}
 u - 2 scrolls of magic mapping {unknown}
 x - a scroll of holy word {unknown}
Potions
 e - 2 potions of lignification
 n - a potion of mutation
 z - a potion of heal wounds {unknown}


   Skills:
 + Level 7.0 Fighting
 + Level 7.2(7.5) Axes
 - Level 3.0(5.5) Maces & Flails
 + Level 6.0 Armour
 + Level 5.6 Dodging
 - Level 1.5 Stealth
 + Level 6.5 Evocations


You had 9 spell levels left.
You didn't know any spells.
Your spell library contained the following spells:

 Spells                   Type           Power      Damage    Failure   Level
 Sandblast                Erth           0%         2d4       63%         1
 Passwall                 Tmut/Erth      0%         N/A       77%         2
 Slow                     Hex            0%         N/A       77%         2
 Confusing Touch          Hex            0%         N/A       94%         3
 Lee's Rapid Deconstruct  Erth           0%         3d5*      100%        5
 Yara's Violent Unravell  Hex/Tmut       0%         3d3       100%        5


Dungeon Overview and Level Annotations

Branches:
Dungeon (10/15)            Temple (1/1) D:6
   Lair: D:8-11         Orc: D:9-12

Altars:
Ashenzari
Cheibriados
Dithmenos
Elyvilon
Gozag
Hepliaklqana
Kikubaaqudgha
Makhleb
Nemelex Xobeh
Qazlal
Ru
Sif Muna
Trog
Uskayaw
Vehumet
Wu Jian
Xom
Yredelemnul
Zin
The Shining One

Shops:
D:1 [   D:3 *   D:8 [

Annotations:
D:8 exclusion: downstairs
D:9 Harold


Innate Abilities, Weirdness & Mutations

Your serpentine skin is tough. (AC +3)
You have supernaturally acute eyesight. (SInv)
Armour fits poorly on your strangely shaped body.
Your system is resistant to poisons. (rPois)
You cover ground very slowly.
You can spit poison.
You have a snake-like lower body.


Message History

Unknown command.
You feel better.
Harold hits you from afar with a +0 trident.
* * * LOW HITPOINT WARNING * * *
The troll barely misses you. The troll closely misses you. The troll claws you.
* * * LOW HITPOINT WARNING * * *
Unknown command.
Okay, then.
Aiming: Paralyse
Press: ? - help, Shift-Dir - straight line, f - troll
Aim: a troll (chance to affect: 65%)
The troll struggles to resist.
The now-empty wand crumbles to dust.
Harold closely misses you. The troll misses you.
The troll claws you but does no damage. x2
Unknown command.
It was a potion of ambrosia.
You are confused.
You feel invigorated.
Harold hits you from afar with a +0 trident.
* * * LOW HITPOINT WARNING * * *
The wizard gestures wildly while chanting.
The wizard flickers and vanishes for a moment.
The troll closely misses you. The troll claws you but does no damage.
The troll barely misses you.
You bump into the rock wall.
Harold closely misses you. The troll misses you. The troll closely misses you.
The troll claws you but does no damage.
Unknown command.
You bump into the rock wall.
Harold hits you but does no damage. The troll bites you but does no damage.
The troll claws you!
* * * LOW HITPOINT WARNING * * *
The troll claws you but does no damage.
Unknown command.
You impale the troll!!
The troll convulses!
The wizard convulses!
Harold convulses!
The troll is severely wounded.
Harold hits you from afar with a +0 trident.
* * * LOW HITPOINT WARNING * * *
The troll bites you!
You die...
Your body crumbles into a pile of gold.

#.###.### #.# #.# #.#
#.# #.# #.# #.#
#.###.# #.# #..<#.#
#.# #####.# #.#
......# ### #.#
###...# #.######.#
###...######.p.T@...#
.......(......@######
###...######.#.#
##'##### #.#.# #.#
#.###.#.# #.#
#.....#.# #.#
#.#####.# #.#
#.......# #.#
#########


You could see Harold, a wizard (invisible) and a troll.

Vanquished Creatures
  A boulder beetle (D:7)
  Maggie (D:8)
  Grum (D:8)
  2 steam dragons (D:7)
  Duvessa (D:7)
  4 water moccasins
  2 sky beasts
  4 ice beasts
  A necrophage (D:6)
  3 wolves (D:8)
  An ogre (D:5)
  4 phantoms
  A centaur (D:10)
  Blork the orc (D:4)
  A kobold brigand (D:7)
  3 bullfrogs
  Dowan (D:7)
  3 scorpions
  A wyvern skeleton (D:6)
  A water moccasin zombie (D:5)
  2 howler monkeys
  13 wights
  A bullfrog zombie (D:7)
  3 centaur zombies
  A hound (D:5)
  2 centaur skeletons
  A bullfrog skeleton (D:7)
  A gnoll shaman (D:7)
  5 iguanas
  2 orc wizards (D:8)
  2 killer bee zombies
  A hound skeleton (D:4)
  Robin (D:1)
  A howler monkey skeleton (D:7)
  5 adders
  A white imp (D:8)
  A dart slug (D:1)
  9 orcs
  8 ball pythons
  6 endoplasms
  15 goblins
  7 hobgoblins
  11 jackals
  A quokka (D:1)
  7 bats
  4 frilled lizards (D:1)
  16 kobolds
  5 rats
  A rat zombie (D:5)
170 creatures vanquished.

Vanquished Creatures (others)
  9 plants
  A withered plant (D:7)
10 creatures vanquished.

Grand Total: 180 creatures vanquished

Notes
Turn   | Place    | Note
-------+----------+-------------------------------------------
     0 | D:1      | MajorAdolf the Naga Wanderer began the quest for the Orb.
     0 | D:1      | MajorAdolf set off with the following items: a +0 hand axe,
                  | a +2 scale mail, a +0 mace
     0 | D:1      | Reached XP level 1. HP: 18/18 MP: 1/1
   193 | D:1      | Reached XP level 2. HP: 23/25 MP: 2/2
   421 | D:1      | Found Ericotez's Armour Boutique.
   577 | D:1      | Reached XP level 3. HP: 17/31 MP: 3/3
  1206 | D:2      | Reached skill level 1 in Dodging
  1723 | D:2      | Reached XP level 4. HP: 32/39 MP: 4/4
  2040 | D:2      | Noticed Robin
  2214 | D:1      | Killed Robin
  2690 | D:3      | Noticed a scorpion
  2698 | D:2      | Killed a scorpion
  2699 | D:2      | Reached XP level 5. HP: 46/46 MP: 5/5
  3038 | D:3      | Found Ykouzxud's General Store.
  3129 | D:4      | Identified a scroll of acquirement
  3131 | D:4      | Acquired 697 gold pieces
  3345 | D:4      | Noticed a phantom
  3434 | D:5      | Entered Level 5 of the Dungeon
  3971 | D:4      | Noticed a water moccasin
  3975 | D:4      | Killed a water moccasin
  3976 | D:4      | Reached XP level 6. HP: 56/56 MP: 6/6
  3995 | D:4      | Found an ornate altar of the Wu Jian Council.
  4198 | D:4      | Noticed Blork the orc
  4209 | D:4      | Killed Blork the orc
  4215 | D:4      | Reached XP level 7. HP: 44/62 MP: 7/7
  5054 | D:5      | Reached XP level 8. HP: 68/72 MP: 8/8
  5517 | D:5      | Found a white marble altar of Elyvilon.
  5783 | D:5      | Found a burning altar of Makhleb.
  5892 | D:5      | Found an ancient bone altar of Kikubaaqudgha.
  6054 | D:6      | Reached skill level 5 in Axes
  6221 | D:6      | Reached skill level 5 in Fighting
  6245 | D:6      | Reached XP level 9. HP: 73/81 MP: 9/9
  6456 | D:6      | Found a stormy altar of Qazlal.
  6537 | D:6      | Found a staircase to the Ecumenical Temple.
  6580 | Temple   | Entered the Ecumenical Temple
  6727 | Temple   | Became a worshipper of Gozag Ym Sagoz the Greedy
  6748 | D:6      | Acquired a +1 barding of stealth
  6854 | D:6      | Found a radiant altar of Vehumet.
  6965 | D:3      | Bought a potion of mutation for 112 gold pieces
  6965 | D:3      | Bought a wand of paralysis (7) for 126 gold pieces
  6965 | D:3      | Bought a scroll of enchant armour for 105 gold pieces
  7087 | D:7      | Reached skill level 5 in Evocations
  7234 | D:7      | Noticed Dowan
  7235 | D:7      | Noticed Duvessa
  7247 | D:7      | Killed Duvessa
  7248 | D:7      | Reached skill level 5 in Armour
  7250 | D:7      | Killed Dowan
  7411 | D:7      | Noticed a boulder beetle
  7438 | D:7      | Killed a boulder beetle
  7439 | D:7      | Reached skill level 5 in Dodging
  7439 | D:7      | Reached XP level 10. HP: 49/91 MP: 10/10
  7734 | D:7      | Found a basalt altar of Yredelemnul.
  8346 | D:8      | Noticed Maggie
  8357 | D:8      | Killed Maggie
  8571 | D:8      | Noticed Grum
  8583 | D:8      | Killed Grum
  8741 | D:8      | Acquired the ring of Qumef {rF+ rCorr MP+9}
  9078 | D:9      | Noticed a wizard
  9236 | D:9      | Noticed Harold
  9261 | D:10     | Entered Level 10 of the Dungeon
  9265 | D:10     | Noticed a two-headed ogre
  9270 | D:9      | HP: 1/94 [troll (7)]
  9276 | D:9      | HP: 4/94 [troll (10)]
  9277 | D:9      | Mangled by a troll

Illustrated notes

Levels and vault maps discovered:
D:1:      eino_arrival_druids_welcome, layout_rooms, serial_shops, shop,
          amcnicky_mini_corridor_feature
D:2:      layout_loops_cross, uniq_robin
D:3:      layout_rooms, serial_shops, nicolae_shop_crystal
D:4:      layout_cave_pods, nicolae_wu_jian_glorious_leap, uniq_blork_the_orc
D:5:      layout_basic, kennysheep_mini, lemuel_zombie_altar_kikubaaqudgha,
          nicolae_elyvilon_temple_path, serial_curves, eino_curves_04,
          eino_curves_01
D:6:      layout_cave_pools, mainiacjoe_overflow_chevrons,
          lemuel_coloured_pillars_altar, minmay_temple_entry_mist,
          kennysheep_another_room, kennysheep_generic_room_10
D:7:      lemuel_ice_spiral_2, layout_rooms, yredelemnul_altar_generic,
          minmay_quadrilaterals, uniq_duvessa
D:8:      layout_basic, uniq_grum, uniq_maggie
D:9:      layout_basic, kennysheep_orc_monster_closet_entryway,
          ebering_ghost_gozag, due_unseen_surprise, uniq_harold
D:10:     layout_rooms, nicolae_overflow_crystal_walls, general_overflow_altar,
          lair_entry_dummy, special_room [special_room_kobold]
Temple:   dshaligram_water_room_temple

Skill      XL: |  1  2  3  4  5  6  7  8  9 10 |
---------------+-------------------------------+-----
Armour         | 2 3 4 5 6 |  6.0
Dodging        | 1 2 3 4 5 |  5.6
Fighting       | 2 3 4 5 6 7 |  7.0
Axes           | 3 4 5 6 7 |  7.2
Evocations     | 2 3 4 5 6 |  6.5
Maces & Flails | |  3.0
Stealth        | |  1.5

Action                   |  1- 3 |  4- 6 |  7- 9 | 10-12 || total
-------------------------+-------+-------+-------+-------++-------
Melee: Hand axe          |   142 |   202 |       |       ||   344
       Eveningstar       |       |    12 |   176 |   112 ||   300
Invok: Call Merchant     |       |       |       |     1 ||     1
 Abil: Spit Poison       |     8 |    14 |     2 |       ||    24
Evoke: Wand              |       |       |     2 |     5 ||     7
  Use: Scroll            |       |     6 |     6 |     2 ||    14
       Potion            |       |     5 |       |     2 ||     7
 Stab: Invisible         |       |     1 |       |       ||     1
       Paralysed         |       |       |    10 |     8 ||    18
       Distracted        |       |       |     1 |       ||     1
       Sleeping          |       |       |       |     1 ||     1
Armor: Scale mail        |    92 |   139 |    97 |   113 ||   441
Dodge: Dodged            |    66 |   158 |   104 |   107 ||   435
